 Dungeon Crawl Stone Soup version 0.19-a0-1170-g18f0c96 (webtiles) character file.

157 jacquesderrida the Skirmisher (level 5, 0/48 HPs)
             Began as a Minotaur Wanderer on Aug 17, 2016.
             Succumbed to kobold's curare-tipped needle
             ... on level 3 of the Dungeon.
             The game lasted 00:05:18 (639 turns).

jacquesderrida the Skirmisher (Minotaur Wanderer)    Turns: 639, Time: 00:05:19

Health: 0/48       AC:  6    Str: 15    XL:     5   Next: 15%
Magic:  4/4        EV: 15    Int: 10    God:
Gold:   53         SH:  0    Dex: 16    Spells: 0 memorised, 4 levels left

rFire  + + .     SeeInvis .     k - +0 whip
rCold  x . .     Gourm    .     l - +0 fire dragon armour (curse)
rNeg   . . .     Faith    .     (no shield)
rPois  .         Spirit   .     (helmet restricted)
rElec  .         Dismiss  .     (no cloak)
rCorr  .         Reflect  .     (no gloves)
MR     .....     Harm     .     (no boots)
Stlth  +.........               (no amulet)
                                (no ring)
                                m - -2 ring of protection (curse)

@: agile, lethally poisoned (0 -> -7), slowed, very slow
A: retaliatory headbutt, horns 2
a: no special abilities


You were on level 3 of the Dungeon.
You were not hungry.

You visited 1 branch of the dungeon, and saw 3 of its levels.

You collected 53 gold pieces.

Inventory:

Hand Weapons
 k - a +0 whip (weapon)
Armour
 a - a +2 leather armour
 h - a +0 ring mail
 l - a cursed +0 fire dragon armour (worn)
Jewellery
 m - a cursed -2 ring of protection (left hand)
Wands
 j - a wand of acid (2/15)
Scrolls
 c - 3 scrolls of teleportation
 d - a scroll of remove curse {unknown}
 i - a scroll of magic mapping {unknown}
Comestibles
 f - a bread ration
 g - 2 meat rations


   Skills:
 + Level 5.0 Fighting
 * Level 3.9(4.0) Maces & Flails
   Level 1.2(2.7) Staves
 + Level 2.3 Armour
 - Level 2.1 Dodging
 - Level 1.0 Stealth
   Level 2.4 Shields
 - Level 1.1 Unarmed Combat


You had 4 spell levels left.
You didn't know any spells.

Dungeon Overview and Level Annotations

Branches:
Dungeon (3/15)

Altars:


Innate Abilities, Weirdness & Mutations

You reflexively headbutt those who attack you in melee.
You have a pair of horns on your head.


Message History

The kobold wields a blowgun.
The kobold shoots a curare-tipped needle.
The curare-tipped needle hits you.
You are lethally poisoned!
You have difficulty breathing.
* * * LOW HITPOINT WARNING * * *
You feel yourself slow down.
You see here a curare-tipped needle.
Unknown command.
Unknown command.
A bat comes into view.
* * * LOW HITPOINT WARNING * * *
You feel sick. The bat closely misses you.
The kobold shoots a curare-tipped needle.
The curare-tipped needle closely misses you.
Unknown command.
Unknown command.
It was a potion of agility.
You feel agile all of a sudden.
You die...

.......>....##o..
...................
#...........##.. ..
..##........# .# ##
#........#####.#
...#.....))...#.#
....#......###.#.#####.
...........# #(o.......
...#.......# ##@.#####
................#
............b.#.#
#....##.......... ....
#.#.#### ... # #. .....
# ..K. ....


You could see an orc, a bat and a kobold.

Vanquished Creatures
  An orc priest (D:3)
  Terence (D:2)
  Robin (D:2)
  4 adders
  2 worms (D:2)
  3 giant geckos
  3 orcs (D:3)
  12 goblins
  5 hobgoblins (D:2)
  A quokka (D:2)
  2 bats
  3 giant newts
  2 kobolds
  2 rats (D:2)
42 creatures vanquished.

Notes
Turn   | Place    | Note
-------+----------+-------------------------------------------
     0 | D:1      | jacquesderrida the Minotaur Wanderer began the quest for the Orb.
     0 | D:1      | jacquesderrida set off with: a +2 leather armour, a potion of curing, a scroll of teleportation, a +0 club, a bread ration
     0 | D:1      | Reached XP level 1. HP: 19/19 MP: 0/0
   121 | D:1      | Reached skill level 4 in Fighting
   175 | D:2      | Reached XP level 2. HP: 26/27 MP: 1/1
   312 | D:2      | Reached skill level 1 in Maces & Flails
   340 | D:2      | Reached skill level 1 in Armour
   356 | D:2      | Noticed Terence
   362 | D:2      | Killed Terence
   362 | D:2      | Reached XP level 3. HP: 13/34 MP: 2/2
   420 | D:2      | Noticed Robin
   452 | D:2      | Killed Robin
   452 | D:2      | Reached XP level 4. HP: 11/41 MP: 3/3
   496 | D:2      | MACE PLIS
   609 | D:3      | Reached skill level 5 in Fighting
   631 | D:3      | Reached XP level 5. HP: 5/48 MP: 4/4
   638 | D:3      | HP: 1/48 [poisoned by kobold (curare-tipped needle)]
   639 | D:3      | Succumbed to kobold's curare-tipped needle

Vault maps used:
D:1:      zelgadis_glass_arrival_small
D:2:      uniq_terence, uniq_sigmund, uniq_robin
D:3:      tso_altar

Skill      XL: |  1  2  3  4 |
---------------+-------------+-----
Fighting       | 4 5 |  5.0
Maces & Flails | 2 3 |  3.9
Armour         | 1 2 |  2.3
Staves         | |  1.2
Dodging        | |  2.1
Stealth        | |  1.0
Shields        | |  2.4
Unarmed Combat | |  1.1

Action                   |  1- 3 |  4- 6 || total
-------------------------+-------+-------++-------
Melee: Club              |    64 |    22 ||    86
       Headbutt          |     4 |     7 ||    11
       Whip              |       |    23 ||    23
Evoke: Wand              |     3 |     5 ||     8
  Use: Scroll            |     3 |       ||     3
       Potion            |       |     2 ||     2
Armor: Leather armour    |     4 |       ||     4
       Fire dragon armou |    30 |    15 ||    45
Dodge: Dodged            |    45 |    23 ||    68
